 Dungeon Crawl Stone Soup version 0.31-a0-848-gaac375c287 (webtiles) character file.

Game seed: 5826640635636820594

58 subawu the Ruffian (level 4, -9/34 HPs)
             Began as a Gnoll Shapeshifter on Oct 4, 2023.
             Mangled by a gnoll
             ... wielding a +0 flail
              (11 damage)
             ... on level 2 of the Dungeon.
             The game lasted 00:03:01 (1300 turns).

subawu the Ruffian (Gnoll Shapeshifter)             Turns: 1300, Time: 00:03:02

Health: -9/34      AC: 10    Str: 15    XL:     4   Next: 1%
Magic:  5/5        EV:  5    Int:  9    God:
Gold:   73         SH:  0    Dex: 12    Spells: 5/5 levels left

rFire   . .          .
                       - Unarmed
rCold   . . .        (no shield)
rNeg    . . .        k - +0 plate armour
rPois   .            (helmet currently unavailable)
rElec   .            (cloak currently unavailable)
rCorr   .            (gloves currently unavailable)
SInv    .            (boots currently unavailable)
Will    .....        (no amulet) Stlth
                     (no ring)
HPRegen 0.25/turn    (no ring)
MPRegen 0.09/turn

%: no passive effects
@: beast-form
A: beast (slay +3), fangs 1, strong nose, distributed training
a: Begin Untransformation


You were on level 2 of the Dungeon.
You were a hulking beast.
You visited 1 branch of the dungeon, and saw 2 of its levels.

You collected 73 gold pieces.

Inventory:

Armour
 a - a +0 animal skin
 g - a +0 leather armour
 k - a +0 plate armour (worn)
Talismans
 c - a beast talisman (active)
 d - a flux talisman
Wands
 o - a wand of digging (4)
Scrolls
 i - a scroll of identify {unknown}
 l - a scroll of revelation {unknown}
 m - a scroll of immolation {unknown}
 n - a scroll of vulnerability {unknown}
 p - 2 scrolls of teleportation {unknown}
Potions
 b - a potion of lignification
 e - a potion of berserk rage {unknown}
 f - 2 potions of might {unknown}
 h - a potion of mutation {unknown}
 j - a potion of heal wounds {unknown}


   Skills:
 + Level 2.7 Fighting
 + Level 1.0 Short Blades
 + Level 1.0 Long Blades
 + Level 1.0 Axes
 + Level 1.0 Maces & Flails
 + Level 1.0 Polearms
 + Level 1.0 Staves
 + Level 1.0 Ranged Weapons
 + Level 1.0 Throwing
 + Level 1.0 Armour
 + Level 4.6 Dodging
 + Level 1.0 Stealth
 + Level 1.0 Shields
 + Level 6.5 Unarmed Combat
 + Level 1.0 Spellcasting
 + Level 0.7 Conjurations
 + Level 0.7 Hexes
 + Level 0.7 Summonings
 + Level 0.7 Necromancy
 + Level 0.7 Translocations
 + Level 0.7 Transmutations
 + Level 0.7 Fire Magic
 + Level 0.7 Ice Magic
 + Level 0.7 Air Magic
 + Level 0.7 Earth Magic
 + Level 0.7 Poison Magic
 + Level 1.1 Invocations
 + Level 1.0 Evocations
 + Level 6.5 Shapeshifting


You had 5 spell levels left.
You didn't know any spells.
Your spell library contained the following spells:

 Spells                   Type           Power      Damage    Failure   Level
 Apportation              Tloc           2%         N/A       100%        1
 Magic Dart               Conj           4%         1d3       100%        1
 Necrotise                Necr           4%         1d4       100%        1
 Summon Small Mammal      Summ           4%         N/A       100%        1
 Searing Ray              Conj           2%         2d4       100%        2
 Call Canine Familiar     Summ           1%         N/A       100%        3
 Inner Flame              Hex/Fire       1%         N/A       100%        3
 Sigil of Binding         Hex            1%         N/A       100%        3
 Dimensional Bullseye     Hex/Tloc       0%         N/A       100%        4
 Fulminant Prism          Conj/Hex       0%         3d5       100%        4
 Leda's Liquefaction      Hex/Erth       0%         N/A       100%        4
 Yara's Violent Unravell  Hex/Tmut       0%         3d3       100%        5
 Enfeeble                 Hex            0%         N/A       100%        7


Dungeon Overview and Level Annotations

Branches:
Dungeon (2/15)

Altars:


Innate Abilities, Weirdness & Mutations

You are a hulking beast.
Your limbs bulge with bestial killing power. (Slay +3)
You have very sharp teeth.
Your uncanny sense of smell can sniff out nearby items.
Your experience applies equally to all skills.


Message History

Your Shields skill increases to level 1!
Your Spellcasting skill increases to level 1!
Your Evocations skill increases to level 1!
You closely miss the bat. Your punch misses the bat.
The bat hits you but does no damage. The bat barely misses you.
The kobold closely misses you. The bat hits you but does no damage.
There is an open door here.
You hit the gnoll. Your punch misses the gnoll. You bite the gnoll.
The gnoll is moderately wounded.
The bat hits you. The bat hits you but does no damage.
The kobold hits you but does no damage.
The gnoll hits you with a +0 flail of holy wrath!
You hit the gnoll.
The gnoll is severely wounded.
The bat hits you but does no damage. The bat barely misses you.
The kobold hits you but does no damage.
The gnoll hits you with a +0 flail of holy wrath.
You closely miss the gnoll. You bite the gnoll, but do no damage.
The gnoll is severely wounded.
The bat hits you but does no damage. The kobold barely misses you.
The gnoll hits you but does no damage.
You punch the gnoll!
You kill the gnoll!
The bat hits you but does no damage. The endoplasm freezes you.
You are frozen.
The kobold hits you but does no damage.
You have reached level 4!
You feel agile. The bat hits you but does no damage.
The gnoll barely misses you.
The endoplasm hits you but does no damage.
The kobold hits you with a +0 club. The gnoll hits you with a +0 flail!
* * * LOW HITPOINT WARNING * * *
The bat closely misses you.
Things that are here:
a +0 flail of holy wrath; a gnoll corpse You hit the gnoll.
The gnoll is lightly wounded.
The bat hits you but does no damage. The gnoll hits you with a +0 flail!
You die...

#.........##.#
#..........†.#
########.....#
#########.....#
#......##.....#
#......##.....#
#....bb##.....#
#.....J##.....#
#....gh'......#
#....gK##....##
#......#######
#......#
#......#
#......#
#.###+## #.


You could see 2 gnolls, an endoplasm, 2 bats and a kobold.

Vanquished Creatures
  A gnoll (D:2)
  An adder (D:2)
  2 worms (D:2)
  A dart slug (D:1)
  2 endoplasms (D:1)
  3 giant cockroaches (D:2)
  4 goblins
  4 hobgoblins
  2 jackals (D:2)
  A quokka (D:2)
  A ball python (D:1)
  2 bats (D:1)
  5 frilled lizards
  A rat (D:1)
30 creatures vanquished.

Notes
Turn   | Place    | Note
-------+----------+-------------------------------------------
     0 | D:1      | subawu the Gnoll Shapeshifter began the quest for the Orb.
     0 | D:1      | Reached XP level 1. HP: 17/17 MP: 1/1
   188 | D:1      | Reached XP level 2. HP: 16/23 MP: 2/2
   815 | D:2      | Reached XP level 3. HP: 28/28 MP: 3/3
  1098 | D:2      | Reached skill level 1 in Invocations
  1293 | D:2      | Reached skill level 1 in Short Blades
  1293 | D:2      | Reached skill level 1 in Long Blades
  1293 | D:2      | Reached skill level 1 in Axes
  1293 | D:2      | Reached skill level 1 in Maces & Flails
  1293 | D:2      | Reached skill level 1 in Polearms
  1293 | D:2      | Reached skill level 1 in Staves
  1293 | D:2      | Reached skill level 1 in Ranged Weapons
  1293 | D:2      | Reached skill level 1 in Throwing
  1293 | D:2      | Reached skill level 1 in Armour
  1293 | D:2      | Reached skill level 1 in Stealth
  1293 | D:2      | Reached skill level 1 in Shields
  1293 | D:2      | Reached skill level 1 in Spellcasting
  1293 | D:2      | Reached skill level 1 in Evocations
  1299 | D:2      | Reached XP level 4. HP: 12/34 MP: 5/5
  1300 | D:2      | Mangled by a gnoll

Illustrated notes

Levels and vault maps discovered:
D:1:      minmay_arrival_split_and_join, layout_basic
D:2:      layout_basic, dreamdust_ecumenical_altar_angels_and_demons,
          serial_shops, nicolae_shop_stone

Skill      XL: |  1  2  3 |
---------------+----------+-----
Invocations    | 1 |  1.1
Short Blades   | 1 |  1.0
Long Blades    | 1 |  1.0
Axes           | 1 |  1.0
Maces & Flails | 1 |  1.0
Polearms       | 1 |  1.0
Staves         | 1 |  1.0
Ranged Weapons | 1 |  1.0
Throwing       | 1 |  1.0
Armour         | 1 |  1.0
Stealth        | 1 |  1.0
Shields        | 1 |  1.0
Spellcasting   | 1 |  1.0
Evocations     | 1 |  1.0
Fighting       | |  2.7
Dodging        | |  4.6
Unarmed Combat | |  6.5
Conjurations   | |  0.7
Hexes          | |  0.7
Summonings     | |  0.7
Necromancy     | |  0.7
Translocations | |  0.7
Transmutations | |  0.7
Fire Magic     | |  0.7
Ice Magic      | |  0.7
Air Magic      | |  0.7
Earth Magic    | |  0.7
Poison Magic   | |  0.7
Shapeshifting  | |  6.5

Action                     |  1- 3 |  4- 6 || total
---------------------------+-------+-------++-------
  Melee: Unarmed           |    70 |     1 ||    71
         Bite              |     5 |       ||     5
         Punch             |     1 |       ||     1
 Armour: Animal skin       |    11 |       ||    11
         Leather armour    |    17 |       ||    17
         Plate armour      |    45 |     6 ||    51
  Dodge: Dodged            |    44 |     2 ||    46

Table legend: (Time is in decaauts)
 A = Elapsed time spent in this place.
 B = Non-inter-level travel time spent in this place.
 C = Inter-level travel time spent in this place.
 D = Time resting spent in this place.
 E = Time spent auto-exploring this place.
 F = Levels seen in this place.
 G = Mean time per level.
                   A        B        C        D        E       F      G
               +--------+--------+--------+--------+--------+-----+--------+
         Total |   1291 |   1282 |      9 |     51 |    757 |   2 |  645.5 |
       Dungeon |   1291 |   1282 |      9 |     51 |    757 |   2 |  645.5 |
               +--------+--------+--------+--------+--------+-----+--------+

Top non-repeatable levels by time:
     D:1: 767 daAuts
     D:2: 523 daAuts
